 Dungeon Crawl Stone Soup version 0.24-a0-530-g18ba70b503 (webtiles) character file.

Game seed: 15630513804662826647

4106 DavidChitty2 the Destroyer (level 10, -4/86 HPs)
             Began as a Pale Draconian Conjurer on Aug 7, 2019.
             Was a Believer of Sif Muna.
             Slain by a death yak (16 damage)
             ... on level 8 of the Dungeon.
             The game lasted 00:31:01 (13438 turns).

DavidChitty2 the Destroyer (DrCj)                  Turns: 13438, Time: 00:31:02

Health: -4/86      AC:  7    Str: 11    XL:     10   Next: 6%
Magic:  1/19       EV: 12    Int: 18    God:    Sif Muna [**....]
Gold:   406        SH:  0    Dex: 17    Spells: 9/21 levels left

rFire    . . .     SeeInvis .   b - +0 long sword
rCold    . . .     Gourm    .   (no shield)
rNeg     . . .     Faith    .   (armour unavailable)
rPois    .         Spirit   .   (helmet restricted)
rElec    .         Reflect  .   (no cloak)
rCorr    .         Harm     .   (no gloves)
MR       .....                  (no boots)
Stlth    ++........             z - amulet of the acrobat
HPRegen  0.24/turn              r - +5 ring of dexterity
MPRegen  0.16/turn              (no ring)

@: about to teleport
A: breathe steam, unfitting armour, cold-blooded, AC +7
a: Breathe Steam, Channel Magic, Renounce Religion


You were on level 8 of the Dungeon.
You worshipped Sif Muna.
Sif Muna was pleased with you.
You were very hungry.

You visited 1 branch of the dungeon, and saw 8 of its levels.

You collected 406 gold pieces.

Inventory:

Hand Weapons
 a - a +1 dagger
   (You took it off a kobold on level 1 of the Dungeon)
 b - a +0 long sword (weapon)
   (You found it on level 2 of the Dungeon)
Missiles
 j - 205 stones
 m - 5 curare-tipped darts {!f}
 p - a throwing net {!f}
 q - 11 poisoned darts (quivered)
Jewellery
 r - a +5 ring of dexterity (left hand)
   (You found it on level 7 of the Dungeon)
 w - an uncursed ring of fire
   (You found it on level 7 of the Dungeon)
 z - an amulet of the acrobat (around neck)
   (You found it on level 8 of the Dungeon)
Wands
 t - a wand of flame (13)
   (You found it on level 5 of the Dungeon)
Scrolls
 d - a scroll of magic mapping
 f - a scroll of remove curse {@r2}
 h - 2 scrolls of amnesia
 o - a scroll of fog
 u - a scroll of teleportation {@r4}
 x - a scroll of enchant weapon
Potions
 c - 3 potions of agility
 g - 3 potions of brilliance {unknown}
 i - 2 potions of might {unknown}
 k - 6 potions of curing {@q1}
 s - a potion of mutation {!q}
Miscellaneous
 y - a box of beasts
Comestibles
 e - 10 rations {!d}
 n - 4 chunks of flesh


   Skills:
 + Level 7.0 Fighting
 - Level 1.7 Dodging
 - Level 1.7 Stealth
 + Level 6.2 Spellcasting
 * Level 10.1 Conjurations
 - Level 4.0 Hexes
 - Level 2.2 Translocations
 + Level 3.5 Invocations


You had 9 spell levels left.
You knew the following spells:

 Your Spells              Type           Power        Failure   Level  Hunger
a - Magic Dart            Conj           ####         1%          1    None
c - Apportation           Tloc           ##....       4%          1    None
s - Searing Ray           Conj           #####.       1%          2    None
x - Iskenderun's Mystic   Conj           #####...     1%          4    ####...
z - Fulminant Prism       Conj/Hex       ####......   6%          4    ####...

Your spell library contained the following spells:

 Spells                   Type           Power        Failure   Level  Hunger
 Dazzling Spray           Conj/Hex       ####..       1%          3    ##.....
 Confusing Touch          Hex            ###...       2%          1    None
 Force Lance              Conj/Tloc      ####....     9%          4    ####...
 Animate Skeleton         Necr           N/A          12%         1    None
 Summon Small Mammal      Summ           #...         12%         1    None


Dungeon Overview and Level Annotations

Branches:
Dungeon (8/15)             Temple (0/1) D:7            Lair (0/6) D:8

Altars:
Ashenzari
Cheibriados
Gozag
Kikubaaqudgha
Makhleb
Sif Muna
Uskayaw
The Shining One

Shops:
D:8 [


Innate Abilities, Weirdness & Mutations

You can breathe blasts of scalding, opaque steam.
Your pale cyan-grey scales are hard. (AC +7)
You cannot fit into any form of body armour.
You are cold-blooded and may be slowed by cold attacks.


Message History

The death yak snorts and paws the ground.
The death yak closely misses you.
Aim: a death yak (moderately wounded)
The orb of energy hits the death yak.
The death yak gores you!!
You don't have enough magic to cast that spell.
Okay, then.
Okay, then.
Aim: an orc priest, wielding a +0 long sword The magic dart hits the orc priest.
The death yak closely misses you. The orc priest closely misses you.
You riposte.
You hit the orc priest. You tail-slap the orc priest.
Aim: an orc priest, wielding a +0 long sword (almost dead)
The magic dart hits the orc priest.
You kill the orc priest!
Sif Muna accepts your kill.
The death yak gores you but does no damage.
Aim: a death yak (moderately wounded)
The magic dart hits the death yak but does no damage.
The death yak snorts and paws the ground.
The death yak gores you!!
* * * LOW HITPOINT WARNING * * *
The giant cockroach bites you but does no damage.
Aim: a giant cockroach (clinging)
The magic dart hits the giant cockroach.
The death yak gores you!!
* * * LOW HITPOINT WARNING * * *
The orc sings a few bars from the Orcish anthem.
The giant cockroach closely misses you.
You feel much better. The death yak gores you!
* * * LOW HITPOINT WARNING * * *
The giant cockroach completely misses you.
Okay, then.
Okay, then.
Okay, then.
As you read the scroll of teleportation {@r4}, it crumbles to dust.
You feel strangely unstable. The death yak barely misses you.
The giant cockroach barely misses you.
You feel better.
The giant cockroach bites you but does no damage.
The death yak completely misses you.
You riposte.
You hit the death yak but do no damage.
The giant cockroach completely misses you.
The giant cockroach misses you.
You riposte.
You hit the giant cockroach but do no damage.
Your tail-slap misses the giant cockroach.
You closely miss the giant cockroach. The death yak gores you!
* * * LOW HITPOINT WARNING * * *
The giant cockroach bites you but does no damage.
The death yak gores you!
You die...

############
#########..........#
.......##.########.#
.......##.# #.#
.......##.########.#
.≈.....>#.#......#.#
≈≈.....##.#.####Y#.#
≈....≈.##.#.##os@#.#
.......##.#.##.###.#
........#.#.##.# #.#
......).#.#.##.# #.#
....###.#.#.##.# #.#
.##.#...#.#.##.# #.#
.##.#.###.#.##)# #.#
.##.......#.##.# #.#
.####.......##.# #.#


You could see a death yak, an orc and a giant cockroach.

Vanquished Creatures
  A two-headed ogre (D:8)
  A troll (D:7)
  A yak (D:8)
  2 hungry ghosts (D:7)
  2 ice beasts
  A phantom (D:7)
  A sky beast (D:8)
  3 ogres
  A necrophage (D:7)
  2 centaurs
  A crocodile (D:7)
  5 bullfrogs
  A scorpion (D:4)
  A water moccasin skeleton (D:3)
  6 howler monkeys
  5 crimson imps
  A quasit (D:7)
  2 hounds (D:4)
  5 orc priests
  A centaur skeleton (D:5)
  An iguana (D:7)
  6 worker ants
  7 orc wizards
  A hound zombie (D:5)
  A mummy (D:5)
  A worker ant zombie (D:5)
  11 gnolls
  A river rat (D:6)
  13 adders
  A shadow imp (D:5)
  3 worms (D:3)
  A dart slug (D:2)
  7 leopard geckos
  30 orcs
  3 ball pythons
  10 bats
  10 giant cockroaches
  5 goblins
  16 hobgoblins
  13 jackals
  2 quokkas
  5 frilled lizards
  A goblin skeleton (D:8)
  2 goblin zombies (D:8)
  A hobgoblin zombie (D:8)
  A jackal skeleton (D:4)
  5 kobolds
  A leopard gecko zombie (D:5)
  2 quokka skeletons
  10 rats
214 creatures vanquished.

Vanquished Creatures (others)
  4 fulminant prisms (D:8)
4 creatures vanquished.

Grand Total: 218 creatures vanquished

Notes
Turn   | Place    | Note
-------+----------+-------------------------------------------
     0 | D:1      | DavidChitty2 the Draconian Conjurer began the quest for the
                  | Orb.
     0 | D:1      | Reached XP level 1. HP: 14/14 MP: 3/3
   308 | D:1      | Reached XP level 2. HP: 22/22 MP: 0/5
   361 | D:1      | Learned a level 2 spell: Searing Ray
   592 | D:1      | Reached skill level 1 in Fighting
   822 | D:1      | Reached XP level 3. HP: 28/28 MP: 2/6
  2241 | D:2      | Reached XP level 4. HP: 36/36 MP: 1/7
  2402 | D:2      | Learned a level 4 spell: Iskenderun's Mystic Blast
  2482 | D:2      | Reached skill level 5 in Conjurations
  2692 | D:2      | Found an ancient bone altar of Kikubaaqudgha.
  3066 | D:3      | Found an opulent altar of Gozag.
  3468 | D:3      | Found a hide-covered altar of Uskayaw.
  3754 | D:3      | Reached XP level 5. HP: 17/41 MP: 3/9
  4461 | D:3      | Reached skill level 6 in Conjurations
  4461 | D:3      | Reached XP level 6. HP: 49/51 MP: 3/10
  4569 | D:3      | Learned a level 4 spell: Fulminant Prism
  5556 | D:4      | Found a deep blue altar of Sif Muna.
  5562 | D:4      | Became a worshipper of Sif Muna the Loreminder
  5871 | D:4      | Reached skill level 1 in Hexes
  5965 | D:4      | Your scales start taking on a pale cyan-grey colour.
  5965 | D:4      | Reached XP level 7. HP: 57/57 MP: 4/12
  6597 | D:5      | Entered Level 5 of the Dungeon
  6963 | D:5      | Reached skill level 7 in Conjurations
  7122 | D:5      | Found a burning altar of Makhleb.
  7746 | D:5      | Found a snail-covered altar of Cheibriados.
  8408 | D:5      | Reached XP level 8. HP: 56/67 MP: 4/14
  8930 | D:6      | Reached * piety under Sif Muna
  9366 | D:6      | Reached skill level 5 in Fighting
  9366 | D:6      | Reached skill level 8 in Conjurations
  9722 | D:6      | Found a shattered altar of Ashenzari.
 10416 | D:7      | Found a staircase to the Ecumenical Temple.
 10590 | D:7      | Reached skill level 5 in Spellcasting
 11076 | D:7      | Reached XP level 9. HP: 75/75 MP: 3/16
 11404 | D:7      | Reached skill level 9 in Conjurations
 11665 | D:7      | Reached skill level 1 in Invocations
 11665 | D:7      | Noticed a troll
 11719 | D:7      | Killed a troll
 12265 | D:7      | Learned a level 1 spell: Apportation
 12267 | D:8      | Noticed a death yak
 12606 | D:8      | Reached skill level 1 in Translocations
 12696 | D:8      | Found Weiguss's Armour Emporium.
 12742 | D:8      | Found a glowing golden altar of the Shining One.
 12751 | D:8      | Reached ** piety under Sif Muna
 12770 | D:8      | Noticed a two-headed ogre
 12925 | D:8      | Found a staircase to the Lair.
 13087 | D:8      | Killed a two-headed ogre
 13087 | D:8      | Reached skill level 10 in Conjurations
 13241 | D:8      | Reached XP level 10. HP: 77/84 MP: 14/19
 13305 | D:8      | Noticed a death yak
 13433 | D:8      | HP: 1/86 [death yak (23)]
 13438 | D:8      | Slain by a death yak

Levels and vault maps discovered:
D:1:      matt_arrival_grand_opening, layout_loops_ring, grunt_decor_fettered,
          minmay_ruptured
D:2:      layout_basic, overflow_temple_1_default, st_stairs_1
D:3:      layout_basic, overflow_temple_1_default, grunt_gozag_statues,
          first_ration
D:4:      layout_gridville, led_sif_pool
D:5:      layout_loops_cross, slow_altar_2, serial_co_window_serial,
          co_window_paths_b, co_window_paths_b, co_window_paths_b,
          co_window_corner_a, co_window_paths_b, co_window_corner_b,
          co_window_cross_2, co_window_2corner, co_window_broadway_b,
          co_window_broadway_a, glass_columns_a, glass_columns_b,
          glass_columns_a, glass_columns_a, basic_altar,
          hangedman_decor_opposing
D:6:      layout_cave_pools, ashenzari_altar_1, portal_sewer_entry_e
D:7:      minmay_blocky_corners, layout_loops_corners, minmay_temple_entry_waves
D:8:      layout_basic, grunt_temple_overflow_order_and_chaos_1,
          lightli_temple_of_fire, nicolae_tso_besieged_by_evil,
          dpeg_lair_monsters, serial_shops, shop_fountains

Skill      XL: |  1  2  3  4  5  6  7  8  9 10 |
---------------+-------------------------------+-----
Fighting       | 1 2 3 4 5 6 7 |  7.0
Conjurations   | 5 6 7 8 10 | 10.1
Spellcasting   | 3 4 5 6 |  6.2
Hexes          | 1 2 3 4 |  4.0
Invocations    | 3 |  3.5
Translocations | 2 |  2.2
Dodging        | |  1.7
Stealth        | |  1.7

Action                   |  1- 3 |  4- 6 |  7- 9 | 10-12 || total
-------------------------+-------+-------+-------+-------++-------
Melee: Dagger            |    32 |       |       |       ||    32
       Long sword        |       |    20 |     9 |     1 ||    30
       Tailslap          |       |     4 |     3 |     2 ||     9
 Cast: Magic Dart        |    84 |   225 |   368 |    11 ||   688
       Iskenderun's Myst |       |       |    28 |     2 ||    30
       Searing Ray       |       |       |     4 |       ||     4
       Fulminant Prism   |       |       |       |     4 ||     4
 Abil: Breathe Steam     |       |       |     2 |     1 ||     3
  Use: Scroll            |       |     5 |     9 |     1 ||    15
       Potion            |       |       |       |     2 ||     2
  Eat: Chunk             |     5 |    12 |    21 |       ||    38
       Ration            |       |       |     2 |       ||     2
Armor: Skin              |    12 |    22 |    64 |     5 ||   103
Dodge: Dodged            |    30 |    48 |   153 |    15 ||   246
       Rpst.: Long sword |       |    12 |    39 |     4 ||    55

Table legend:
 A = Non-vault XP
 B = Vault XP
 C = Vault XP percentage of total XP
 D = Non-vault monster count
 E = Vault monster count
 F = Vault count percentage of total count
                 A         B        C        D         E       F
            +---------+---------+-------+---------+---------+-------
      Total |    4907 |     960 |  16.4 |     188 |      26 |  12.1
            +---------+---------+-------+---------+---------+-------
        D:1 |      44 |       7 |  13.7 |      18 |       3 |  14.3
        D:2 |      62 |       5 |   7.5 |      22 |       3 |  12.0
        D:3 |     441 |       0 |   0.0 |      45 |       0 |   0.0
        D:4 |     298 |       0 |   0.0 |      12 |       0 |   0.0
        D:5 |     716 |      18 |   2.5 |      33 |       1 |   2.9
        D:6 |     444 |      25 |   5.3 |      21 |       8 |  27.6
        D:7 |    1074 |     699 |  39.4 |      19 |       6 |  24.0
        D:8 |    1828 |     206 |  10.1 |      18 |       5 |  21.7
            +---------+---------+-------+---------+---------+-------
